 Dungeon Crawl Stone Soup version 0.29-a0-919-gd064cfad1c (webtiles) character file.

Game seed: 8197076990120845710

310 Hubjo the Insei (level 6, -7/47 HPs)
             Began as a Demonspawn Transmuter on July 26, 2022.
             Shot with an arrow by a centaur (12 damage)
             ... on level 4 of the Dungeon.
             The game lasted 00:05:04 (3853 turns).

Hubjo the Insei (Demonspawn Transmuter)             Turns: 3853, Time: 00:05:05

Health: -7/47      AC:  2    Str: 10    XL:     6   Next: 17%
Magic:  10/10      EV: 14    Int: 16    God:
Gold:   241        SH:  0    Dex: 14    Spells: 7/11 levels left

rFire   + . .      SeeInvis .     - Unarmed
rCold   x . .      Faith    .   (no shield)
rNeg    . . .      Spirit   .   a - +0 robe
rPois   .          Reflect  .   (helmet currently unavailable)
rElec   .          Harm     .   (no cloak)
rCorr   .          Rampage  .   (no gloves)
Will    .....                   (boots currently unavailable)
Stlth   +.........              (no amulet)
HPRegen 0.15/turn               m - ring of fire
MPRegen 0.24/turn               (no ring)

@: appendages (expiring)
A: horns 2, talons 2, repulsion field 1, magic regeneration, demonic touch 1
a: End Transformation


You were on level 4 of the Dungeon.
You had temporarily grown beastly horns and talons.
You visited 1 branch of the dungeon, and saw 4 of its levels.

You collected 241 gold pieces.

Inventory:

Armour
 a - a +0 robe (worn)
Jewellery
 m - a ring of fire (left hand)
Scrolls
 c - a scroll of vulnerability
 e - 2 scrolls of torment {unknown}
 i - 2 scrolls of blinking {unknown}
 j - a scroll of noise
 l - 2 scrolls of teleportation {unknown}
 n - a scroll of enchant armour {unknown}
 q - a scroll of enchant weapon {unknown}
 r - 2 scrolls of identify
Potions
 b - a potion of lignification
 f - a potion of attraction {unknown}
 g - 2 potions of berserk rage {unknown}
 h - 2 potions of haste {unknown}
 k - 3 potions of degeneration {unknown}
 o - 3 potions of heal wounds {unknown}
 p - a potion of flight {unknown}


   Skills:
 + Level 3.2 Fighting
 - Level 1.7 Dodging
 + Level 3.6 Unarmed Combat
 + Level 3.0 Spellcasting
 * Level 3.4 Transmutations
 + Level 1.4 Air Magic


You had 7 spell levels left.
You knew the following spells:

 Your Spells              Type           Power      Damage    Failure   Level
a - Beastly Appendage     Tmut           26%        N/A       4%          1
b - Swiftness             Air            7%         N/A       30%         3

Your spell library contained the following spells:

 Spells                   Type           Power      Damage    Failure   Level
 Wereblood                Tmut           13%        N/A       7%          2
 Passwall                 Tmut/Erth      5%         N/A       14%         2
 Poisonous Vapours        Pois/Air       8%         N/A       22%         2
 Blink                    Tloc           4%         N/A       28%         2
 Ensorcelled Hibernation  Hex/Ice        4%         N/A       28%         2
 Sublimation of Blood     Necr           2%         N/A       28%         2
 Spider Form              Tmut/Pois      7%         N/A       28%         3
 Dazzling Flash           Conj/Hex       4%         N/A       50%         3
 Ice Form                 Ice/Tmut       7%         N/A       67%         4
 Petrify                  Tmut/Erth      7%         N/A       67%         4
 Corpse Rot               Necr/Pois/Air  3%         N/A       83%         4
 Irradiate                Conj/Tmut      3%         3d12      95%         5
 Silence                  Hex/Air        2%         N/A       98%         5
 Agony                    Necr           2%         N/A       99%         5
 Manifold Assault         Tloc           2%         N/A       99%         5
 Storm Form               Tmut/Air       5%         N/A       100%        7


Dungeon Overview and Level Annotations

Branches:
Dungeon (4/15)
 Temple: D:4-7

Altars:
Dithmenos


Innate Abilities, Weirdness & Mutations

You have temporarily grown beastly horns and talons.
You are surrounded by a mild repulsion field. (EV +2)
You regenerate magic rapidly.
Your touch may inflict minor irresistible damage on your foes.


Message History

The centaur unwields a +0 shortbow.
The centaur hits you. The centaur kicks you.
You closely miss the centaur.
You touch the centaur!
You punch the centaur.
The centaur is heavily wounded.
You hit the centaur but do no damage.
The centaur is heavily wounded.
The centaur hits you. The centaur barely misses you.
The centaur shoots an arrow.
The arrow hits you!
You are too injured to fight recklessly!
You are too injured to fight recklessly!
You are too injured to fight recklessly!
You are too injured to fight recklessly!
You are too injured to fight recklessly!
You are too injured to fight recklessly!
You are too injured to fight recklessly!
You are too injured to fight recklessly!
You are too injured to fight recklessly!
You are too injured to fight recklessly!
You are too injured to fight recklessly!
You are too injured to fight recklessly!
You are too injured to fight recklessly!
You hit the centaur. Your touch misses the centaur.
The centaur is almost dead.
The centaur hits you. The centaur kicks you.
* * * LOW HITPOINT WARNING * * *
The centaur shoots an arrow.
The arrow barely misses you. The centaur misses you. The centaur kicks you.
* * * LOW HITPOINT WARNING * * *
The centaur shoots an arrow.
The arrow completely misses you.
As you read the scroll of fear, it crumbles to dust.
You assume a fearsome visage.
The centaur looks frightened! x2
The centaur shoots an arrow.
The arrow barely misses you.
Your transformation is almost over.
The centaur seems to regain its courage.
The centaur shoots an arrow.
The arrow closely misses you.
There is a stone staircase leading up here.
The centaur shoots an arrow.
The arrow hits you!
* * * LOW HITPOINT WARNING * * *
The centaur shoots an arrow.
The arrow hits you!
You die...

...# #...... ...## #.#
#........... ..††#
...######'#####........... ..†.#
#...#..........#........... ###.#
#...#..........#.....####.# #.#
#...#..........#.....####'# #.#
#...#..........#........... #.#
#...#..........#...........
###'###...#.....@......$.........
....................##.##..#####.
...................##...# # ##
...................#.##..# #
..................... ....# #
...............<...#.. #.#.#
...................##...##.#
.[.........######..c #.# #
.....).....# #.... ..


You could see a centaur.

Vanquished Creatures
  An orc priest (D:3)
  3 jellies (D:4)
  7 adders
  2 worms
  4 dart slugs
  9 orcs
  11 ball pythons
  14 endoplasms
  6 giant cockroaches
  5 goblins
  8 hobgoblins
  9 jackals
  2 quokkas
  4 bats
  2 frilled lizards (D:2)
  7 kobolds
  6 rats
100 creatures vanquished.

Notes
Turn   | Place    | Note
-------+----------+-------------------------------------------
     0 | D:1      | Hubjo the Demonspawn Transmuter began the quest for the
                  | Orb.
     0 | D:1      | Reached XP level 1. HP: 15/15 MP: 3/3
   291 | D:1      | Gained mutation: You are surrounded by a mild repulsion
                  | field. (EV +2) [demonic ancestry]
   291 | D:1      | Reached XP level 2. HP: 21/21 MP: 3/5
   927 | D:2      | Gained mutation: Your touch may inflict minor irresistible
                  | damage on your foes. [demonic ancestry]
   927 | D:2      | Reached XP level 3. HP: 25/27 MP: 4/6
  1545 | D:2      | Gained mutation: You regenerate magic rapidly. [demonic
                  | ancestry]
  1545 | D:2      | Reached XP level 4. HP: 31/34 MP: 5/7
  1877 | D:2      | Learned a level 3 spell: Swiftness
  2125 | D:3      | Reached XP level 5. HP: 26/40 MP: 9/9
  2367 | D:3      | Found a shadowy altar of Dithmenos.
  2695 | D:3      | Reached skill level 1 in Air Magic
  3359 | D:4      | Reached XP level 6. HP: 30/47 MP: 10/10
  3853 | D:4      | Shot with an arrow by a centaur

Illustrated notes

Levels and vault maps discovered:
D:1:      minmay_arrival_stair_chambers, layout_basic, chequers_garden
D:2:      layout_rooms, serial_corexii_hall, chequers_hall_statues_y,
          corexii_hall_statues_x, corexii_hall_statues_x, corexii_hall_statues_x
D:3:      layout_basic, mainiacjoe_overflow_boulevard, minmay_quadrilaterals
D:4:      layout_basic, chequers_avenue, minmay_manual_mares

Skill      XL: |  1  2  3  4  5  6 |
---------------+-------------------+-----
Transmutations | 2 3 |  3.4
Fighting       | 2 3 |  3.2
Unarmed Combat | 3 |  3.6
Air Magic      | 1 |  1.4
Spellcasting   | 3 |  3.0
Dodging        | |  1.7

Action                   |  1- 3 |  4- 6 || total
-------------------------+-------+-------++-------
Melee: Unarmed           |    93 |   121 ||   214
       Kick              |    25 |    32 ||    57
       Headbutt          |    13 |    18 ||    31
       Touch             |     8 |    18 ||    26
       Punch             |     1 |     3 ||     4
 Cast: Beastly Appendage |    25 |    40 ||    65
  Use: Scroll            |       |     4 ||     4
 Stab: Sleeping          |       |     3 ||     3
Armor: Robe              |    17 |    10 ||    27
Dodge: Dodged            |    63 |    76 ||   139

Table legend: (Time is in decaauts)
 A = Elapsed time spent in this place.
 B = Non-inter-level travel time spent in this place.
 C = Inter-level travel time spent in this place.
 D = Time resting spent in this place.
 E = Time spent auto-exploring this place.
 F = Levels seen in this place.
 G = Mean time per level.
                   A        B        C        D        E       F      G
               +--------+--------+--------+--------+--------+-----+--------+
         Total |   3838 |   3758 |     80 |      0 |   3142 |   4 |  959.5 |
       Dungeon |   3838 |   3758 |     80 |      0 |   3142 |   4 |  959.5 |
               +--------+--------+--------+--------+--------+-----+--------+

Top non-repeatable levels by time:
     D:3: 1074 daAuts
     D:2: 1008 daAuts
     D:1: 904 daAuts
     D:4: 850 daAuts
